puck, lawful female human Valkyrie }I} }@} } } puck the Woman-at-arms Experience level: 13 Strength: 14 Dexterity: 12 Constitution: 18 Intelligence: 10 Wisdom: 11 Charisma: 10 Health: 0(107) Energy: 31(31) Def: 11 Gold: 86 Moves: 21450 Dungeon seed: ra19dgdyQx9PLWa5 Game ID: puck_1559479182 Your Inventory: Coins $ - 86 gold pieces Weapons F - 3 uncursed +0 elven daggers G - the blessed rustproof +1 Excalibur (weapon in hand) L - a blessed +0 elven dagger of lightning (wielded in other hand) P - an uncursed +0 elven dagger of mercy (in quiver) Armor e - an uncursed greased +0 elven leather helm (being worn) n - a blessed +1 pair of iron shoes (being worn) q - a blessed +0 pair of leather gloves (being worn) z - an uncursed +0 elven cloak (being worn) N - an uncursed +0 elven mithril-coat (being worn) Comestibles i - an uncursed eucalyptus leaf J - 2 uncursed male lizard corpses R - 9 uncursed lumps of royal jelly Scrolls b - an uncursed scroll of remove curse C - an uncursed scroll of earth O - an uncursed scroll of summoning Amulets g - an uncursed amulet of reflection Q - an uncursed amulet of magical breathing (being worn) Rings k - a blessed rusty +1 ring of increase damage (on left hand) s - an uncursed ring of warning (on right hand) Wands d - an uncursed wand of fire (0:7) f - an uncursed wand of cancellation (0:3) j - an uncursed wand of sleep (0:5) m - an uncursed wand of lightning (0:6) v - an uncursed wand of summoning (0:3) D - a blessed wand of teleportation (0:4) H - an uncursed rusty wand of magic missile (0:5) M - an uncursed wand of digging (0:2) Z - an uncursed wand of speed monster (0:2) Tools a - a blessed greased bag of holding c - a blessed +0 unicorn horn o - an uncursed rusty skeleton key p - an uncursed magic lamp w - an uncursed towel K - an uncursed rusty stethoscope T - an uncursed tin whistle W - an uncursed pair of lenses Gems r - a blessed touchstone y - an uncursed luckstone Contents of the bag of holding: 9399 gold pieces an uncursed +0 orcish helm of fire immunity an uncursed C-ration 2 uncursed eggs an uncursed eucalyptus leaf 16 uncursed food rations an uncursed lembas wafer an uncursed male lizard corpse 2 uncursed male lizard corpses 7 uncursed tripe rations an uncursed potion of gain energy an uncursed potion of hallucination a cursed potion of hallucination 2 uncursed potions of healing 8 potions of holy water an uncursed potion of oil a blessed potion of restore ability an uncursed potion of sleeping an uncursed potion of wonder 4 uncursed scrolls of blank paper a cursed scroll of earth an uncursed scroll of enchant armor an uncursed scroll of enchant weapon a cursed scroll of fire 2 blessed scrolls of identify 4 uncursed scrolls of identify a blessed scroll of remove curse an uncursed scroll of remove curse an uncursed scroll of scare monster a cursed scroll of summoning a blessed scroll of teleportation an uncursed scroll of teleportation a blessed +5 ring of carrying and aggravate monster an uncursed ring of free action an uncursed ring of invisibility an uncursed +2 ring of searching an uncursed ring of shock immunity an uncursed ring of sustain ability and stealth an uncursed wand of digging (0:5) an uncursed wand of enlightenment (0:14) an uncursed wand of lightning (0:5) an uncursed wand of speed monster (0:6) an uncursed can of grease (0:22) an uncursed magic marker (0:36) an uncursed mirror an uncursed pair of lenses an uncursed sack Spells and supernatural/magical abilities: Name Level Category Cost Memory W - pray for help -- divine ? -- Your skills at the end: Fighting Skills two weapon combat [Skilled] wands [Skilled] Weapon Skills dagger [Skilled] long sword [Expert] Spellcasting Skills Final Attributes: You were piously aligned. You were fire resistant. You were immune to cold. You were shock resistant. You were poison resistant. You were level-drain resistant. You saw invisible. You were telepathic. You were warned. You were invisible. You were stealthy. You could survive without air. You had a +1 damage bonus. You were fast. You were wielding two weapons at once. You were lucky. You had extra luck. Bad luck did not time out for you. Good luck did not time out for you. You last prayed 1 turn ago. Tyr was noncommittal. You are dead. Vanquished creatures: Medusa 2 demiliches a titanothere a skeleton a water troll 4 black puddings a vampire a ghost a queen bee 4 giant mimics a fire giant 2 ogre kings a large mimic a fire vortex 2 long worms a stalker an air elemental an earth elemental a water elemental 2 hill giants a giant zombie 9 wargs 2 winter wolves 6 small mimics a glass piercer 4 warhorses a steam vortex 2 xans an ogre lord 3 quantum mechanics a sasquatch a wood golem an electric eel a gelatinous cube 3 large dogs a freezing sphere 2 gargoyles a dwarf king 2 leocrottas 2 energy vortices 2 mountain centaurs a pit viper 2 cobras a wraith an ettin zombie a Grey-elf 3 soldiers an incubus 2 chameleons a crocodile 5 giant beetles 2 quivering blobs 4 cockatrices 3 wolves a winter wolf cub a lynx a panther a gremlin 2 leprechauns 2 orc-captains 2 iron piercers a mumak 5 giant spiders a scorpion a horse 3 black lights 2 vampire bats 7 gnome kings a dwarf mummy 3 brown puddings a rust monster an owlbear a piranha a giant eel 6 lizards 7 chickatrices 2 housecats 2 jaguars a dwarf lord 3 blue jellies a gray unicorn a black unicorn 2 ravens 2 plains centaurs 5 snakes 2 water moccasins an ape 5 human zombies a rope golem 4 Woodland-elves 6 soldier ants 5 fire ants 10 bugbears 2 imps a wood nymph a mountain nymph 21 Mordor orcs an Uruk-hai 3 orc shamans 6 rock piercers a rock mole 3 ponies 2 fog clouds 6 yellow lights 3 shriekers 3 violet fungi 22 gnome lords 14 gnomish wizards a black naga hatchling 2 golden naga hatchlings a guardian naga hatchling 2 gray oozes a barrow wight an elf zombie a ghoul a paper golem a baby crocodile 7 giant ants 4 little dogs 5 floating eyes 3 kittens 9 dwarves a homunculus 2 kobold lords 5 kobold shamans 14 hill orcs 9 rothes 3 rabid rats 2 centipedes 2 giant bats 4 monkeys 5 orc zombies 2 dwarf zombies a wererat 8 iguanas 40 killer bees 7 acid blobs 2 coyotes 2 gas spores 4 hobbits 6 manes a large kobold 18 hobgoblins 4 giant rats 3 cave spiders a brown mold a yellow mold 2 red molds 69 gnomes 26 garter snakes 3 gnome zombies 7 geckos 10 jackals 6 foxes 3 kobolds 5 goblins 5 sewer rats 18 grid bugs 13 bats 8 lichens 4 kobold zombies 12 newts 674 creatures vanquished. Genocided species: master mind flayers 1 species genocided. Voluntary challenges: You used a wielded weapon 981 times, starting on turn 88. You read items or engraved 12 times, starting on turn 2722. You genocided 1 type of monster, starting on turn 17302. You never polymorphed an object. You never changed form. You used no wishes. You split 3 puddings, starting on turn 21314. You wrote Elbereth's name 2 times, starting on turn 6453. You violated your moral code, losing 99 points of alignment, starting on turn 3036. Dungeon overview: The Dungeons of Doom: levels 1 to 26 Level 1 a long staircase Level 2 stairs to The Gnomish Mines Level 3 a vault Level 4 a scroll shop Level 5 a sink Level 6 a scroll shop Level 7 some fountains Level 8 a fountain stairs to Sokoban Level 9 a vault Level 10 an altar to Tyr, a fountain, a vault Level 11 a fountain, a throne Level 12 a fountain Level 13 Level 14 a fountain Level 15 Level 16 Level 17 a vault Level 18 a sink, a vault Level 19 Level 20 a vault Level 21 Level 22 a scroll shop, an altar to Odin, a fountain Level 23 an altar to Tyr, a fountain Level 24 a general store, a fountain, a vault Level 25 <- You were here Level 26 The Gnomish Mines: levels 3 to 11 Level 3 stairs to The Dungeons of Doom Level 4 Level 5 Level 6 many shops, a temple to Odin, some fountains Level 7 Level 8 Level 9 Level 10 Level 11 a fountain Sokoban: levels 4 to 7 Level 4 Solved Level 5 Solved Level 6 Solved Level 7 Solved stairs to The Dungeons of Doom History has recorded: On T:1 you entered the Dungeons of Doom to retrieve the Amulet of Yendor! On T:60 you reached level 2 of The Dungeons of Doom. On T:375 you reached level 1 of The Gnomish Mines. On T:389 you advanced to experience level 2. On T:402 you advanced to experience level 3. On T:776 you advanced to experience level 4. On T:813 you reached level 2 of The Gnomish Mines. On T:858 you advanced to experience level 5. On T:1036 you reached level 3 of The Gnomish Mines. On T:1084 you advanced to experience level 6. On T:1454 you reached level 4 of The Gnomish Mines. On T:1674 you advanced to experience level 7. On T:2073 you reached level 3 of The Dungeons of Doom. On T:2181 you reached level 4 of The Dungeons of Doom. On T:2201 you reached level 5 of The Dungeons of Doom. On T:2536 you reached level 6 of The Dungeons of Doom. On T:2878 you reached level 7 of The Dungeons of Doom. On T:3356 you reached level 8 of The Dungeons of Doom. On T:3397 you reached level 4 of Sokoban. On T:4004 you advanced to experience level 8. On T:4098 you reached level 3 of Sokoban. On T:4739 you reached level 2 of Sokoban. On T:5008 you reached level 1 of Sokoban. On T:7901 you reached level 5 of The Gnomish Mines. On T:8134 you reached level 8 of The Gnomish Mines. On T:8431 you advanced to experience level 9. On T:8601 you reached level 9 of The Gnomish Mines. On T:9783 you reached level 7 of The Gnomish Mines. On T:10326 you reached level 6 of The Gnomish Mines. On T:13096 you reached level 9 of The Dungeons of Doom. On T:13121 you advanced to experience level 10. On T:13484 you reached level 10 of The Dungeons of Doom. On T:13810 you reached level 11 of The Dungeons of Doom. On T:14158 you reached level 12 of The Dungeons of Doom. On T:14585 you reached level 13 of The Dungeons of Doom. On T:14905 you reached level 14 of The Dungeons of Doom. On T:15072 you reached level 15 of The Dungeons of Doom. On T:15275 you reached level 16 of The Dungeons of Doom. On T:17302 you genocided master mind flayers. On T:17316 you advanced to experience level 11. On T:17472 you reached level 17 of The Dungeons of Doom. On T:17641 you advanced to experience level 12. On T:17829 you reached level 18 of The Dungeons of Doom. On T:18102 you reached level 19 of The Dungeons of Doom. On T:18538 you reached level 20 of The Dungeons of Doom. On T:19113 you reached level 21 of The Dungeons of Doom. On T:19403 you reached level 22 of The Dungeons of Doom. On T:19760 you reached level 23 of The Dungeons of Doom. On T:20164 you reached level 24 of The Dungeons of Doom. On T:20214 you advanced to experience level 13. On T:20695 you reached level 25 of The Dungeons of Doom. On T:21043 you reached The Castle. On T:21049 you killed Medusa in The Castle. Score breakdown: Gold: 9485 (13528 points) Experience: 13 levels (19298 points) Exploration: 26 levels ( 53.06%) (21650 points) Discoveries: 56 items ( 22.40%) (14198 points) Valuables value: (no points given unless you survive) Artifact value: 4000 (12253 points) Variety of kills: 162 monsters ( 42.63%) (19587 points) Turncount: 21450 turns (-3506 points) Survival: died (score multiplied by 80%) Total score: 77606 Latest messages: Velkommen puck, the human Valkyrie, welcome back to FIQHack! Be careful! New moon tonight. (2x) Please move the cursor to an unknown object. Done. Water turbulence affects your movements. The weapon burns you! You die... The sack is empty. The sack is empty. Final status: Farvel puck the Valkyrie, killed by a rock troll... You died in The Dungeons of Doom on dungeon level 25 with 77606 points, and 9485 pieces of gold, after 21450 moves. You were level 13 with a maximum of 107 hit points when you died.